 Dungeon Crawl Stone Soup version 0.27-a0-409-gd57800a693 (webtiles) character file.

Game seed: 4511473111356939354

140 CryoSword the Fighter (level 5, -2/51 HPs)
             Began as a Gnoll Wanderer on Feb 23, 2021.
             Slain by an orc warrior
             ... wielding a +0 short sword
              (15 damage)
             ... on level 2 of the Dungeon.
             The game lasted 00:05:24 (3273 turns).

CryoSword the Fighter (Gnoll Wanderer)              Turns: 3273, Time: 00:05:24

Health: -2/51      AC:  7    Str: 12    XL:     5   Next: 23%
Magic:  12/12      EV: 12    Int: 13    God:
Gold:   151        SH:  0    Dex: 10    Spells: 14/14 levels left

rFire    . . .     SeeInvis .   a - +0 mace (pain)
rCold    . . .     Faith    .   (no shield)
rNeg     . . .     Spirit   .   s - +0 leather armour
rPois    .         Reflect  .   g - +0 helmet
rElec    .         Harm     .   t - +2 cloak {Stlth+}
rCorr    +         Rampage  .   (no gloves)
Will     .....                  (no boots)
Stlth    +.........             (no amulet)
HPRegen  0.17/turn              q - ring of resist corrosion
MPRegen  0.13/turn              (no ring)

@: no status effects
A: distributed training, fangs 1, strong nose
a: no special abilities


You were on level 2 of the Dungeon.
You visited 1 branch of the dungeon, and saw 3 of its levels.

You collected 151 gold pieces.

Inventory:

Hand Weapons
 a - a +0 mace of pain (weapon)
   (You found it on level 2 of the Dungeon)
Missiles
 n - 16 poisoned darts (quivered)
Armour
 g - a +0 helmet (worn)
   (You took it off Robin on level 2 of the Dungeon)
 s - a +0 leather armour (worn)
   (You found it on level 1 of the Dungeon)
 t - a +2 cloak of stealth (worn)
   (You took it off Crazy Yiuf on level 2 of the Dungeon)
Jewellery
 q - a ring of resist corrosion (left hand)
   (You found it on level 2 of the Dungeon)
Wands
 c - a wand of paralysis (10)
Scrolls
 e - a scroll of enchant armour {unknown}
 f - 2 scrolls of teleportation {unknown}
 h - a scroll of blinking {unknown}
 i - 4 scrolls of identify {unknown}
 j - a scroll of fear {unknown}
 o - a scroll of magic mapping {unknown}
 r - a scroll of fog {unknown}
Potions
 b - 3 potions of lignification {!q}
 k - a potion of flight {unknown}
 l - a potion of cancellation {unknown}
 m - 2 potions of haste {unknown}
 p - a potion of curing {unknown}


   Skills:
 + Level 8.6 Fighting
 + Level 1.4 Short Blades
 + Level 1.4 Long Blades
 + Level 1.4 Axes
 + Level 1.4 Maces & Flails
 + Level 1.4 Polearms
 + Level 1.4 Staves
 + Level 1.4 Slings
 + Level 1.4 Bows
 + Level 1.4 Crossbows
 + Level 1.4 Throwing
 + Level 1.4 Armour
 + Level 2.9 Dodging
 + Level 1.4 Stealth
 + Level 2.9 Shields
 + Level 1.4 Unarmed Combat
 + Level 5.1 Spellcasting
 + Level 1.1 Conjurations
 + Level 2.3 Hexes
 + Level 1.1 Summonings
 + Level 1.1 Necromancy
 + Level 1.1 Translocations
 + Level 1.1 Transmutations
 + Level 1.1 Fire Magic
 + Level 1.1 Ice Magic
 + Level 1.1 Air Magic
 + Level 1.1 Earth Magic
 + Level 1.1 Poison Magic
 + Level 1.5 Invocations
 + Level 2.9 Evocations


You had 14 spell levels left.
You didn't know any spells.
Your spell library was empty.

Dungeon Overview and Level Annotations

Branches:
Dungeon (3/15)

Altars:
Kikubaaqudgha


Innate Abilities, Weirdness & Mutations

Your experience applies equally to all skills.
You have very sharp teeth.
Your uncanny sense of smell can sniff out nearby items.


Message History

The helpless Crazy Yiuf fails to defend himself.
You hit Crazy Yiuf.
The helpless Crazy Yiuf fails to defend himself.
You hit Crazy Yiuf.
The helpless Crazy Yiuf fails to defend himself.
You hit Crazy Yiuf but do no damage.
The helpless Crazy Yiuf fails to defend himself.
You hit Crazy Yiuf.
The helpless Crazy Yiuf fails to defend himself.
You hit Crazy Yiuf.
You kill Crazy Yiuf!
You have reached level 5!
There is an open translucent door, spattered with blood here.
Things that are here:
a +3 quarterstaff of chaos; a +2 cloak of stealth
d - a +3 quarterstaff of chaos
t - a +2 cloak of stealth You start putting on your armour.
You continue putting on your +2 cloak of stealth. x4
You finish putting on your +2 cloak of stealth.
You feel stealthy.
Okay, then.
Your +3 quarterstaff of chaos is briefly surrounded by a scintillating aura of random colours.
d - a +3 quarterstaff of chaos (weapon)
Unknown command.
Drop what? 20/52 slots (_ for help) (? for menu, Esc to quit)
You drop a +0 spear.
You see here a glowing mace.
a - a glowing mace Pain shudders through your arm!
a - a +0 mace of pain (weapon)
Drop what? 20/52 slots (_ for help) (? for menu, Esc to quit)
You drop a +3 quarterstaff of chaos.
Done exploring.
Done exploring.
Done exploring.
There is an open translucent door, spattered with blood here.
You see here a +0 spear.
You see here a mace.
There is a stone staircase leading down here.
You climb downwards.
There is a stone staircase leading up here.
Found a stone staircase leading up.
A rat comes into view.
A rat is nearby!
A rat is nearby!
You barely miss the rat. The rat bites you but does no damage.
You hit the rat.
You kill the rat!
No target in view!
No target in view!
You now have 143 gold pieces (gained 18).
You now have 151 gold pieces (gained 8).
Found a dagger.
A rat comes into view.
Found a stone staircase leading down.
A rat is nearby!
The rat misses you.
You sock the rat!
You kill the rat!
No target in view!
No target in view!
i - 4 scrolls labelled QUBUNI COETRILUL (gained 1)
An orc comes into view. It is wielding a +0 mace.
The orc shouts!
You hear a shout!
An orc comes into view. It is wielding a +0 short sword.
An orc priest comes into view. It is wielding a +0 falchion.
Found a grey potion.
There are monsters nearby!
There are monsters nearby!
An orc warrior and an orc wizard come into view.
The orc warrior shouts!
The orc priest shouts!
You hear a shout!
The orc wizard casts a spell at itself.
The orc wizard flickers and vanishes!
Deactivating autopickup; reactivate with Ctrl-A.
You hit the orc.
The orc writhes in agony.
You bite the orc.
You kill the orc!
The orc warrior hits you with a +0 short sword.
Things that are here:
a +0 mace; an orc corpse You closely miss the orc warrior.
The orc warrior closely misses you.
You hit the orc priest.
The orc priest writhes in agony.
The orc priest hits you but does no damage.
You hit the orc warrior but do no damage.
The orc priest begins to cast a cantrip, but forgets the words!
The orc warrior hits you with a +0 short sword!
You barely miss the orc warrior.
The orc warrior hits you with a +0 short sword.
You hit the orc warrior.
The orc warrior hits you with a +0 short sword!
* * * LOW HITPOINT WARNING * * *
An orc wizard appears from thin air!
Reactivating autopickup.
The orc wizard points at you and mumbles some strange words.
The magic dart hits you but does no damage.
The orc priest casts a cantrip, but nothing happens.
There is a stone staircase leading up here.
The orc yells loudly, as Orcs often do.
The orc warrior hits you but does no damage.
You climb upwards.
There is a stone staircase leading down here.
The orc warrior hits you with a +0 short sword!
* * * LOW HITPOINT WARNING * * *
Aim: an orc warrior, wielding a +0 short sword and wearing a +0 chain mail (chance to affect: 54%)
The orc warrior resists with significant effort.
The orc warrior completely misses you.
Hit: a) +0 mace (pain)
Aim: an orc warrior, wielding a +0 short sword and wearing a +0 chain mail (about 42% to evade your +0 mace of pain)
Okay, then.
Aim: an orc warrior, wielding a +0 short sword and wearing a +0 chain mail (chance to affect: 54%)
The orc warrior suddenly stops moving!
The helpless orc warrior fails to defend itself.
You hit the orc warrior but do no damage.
The orc warrior writhes in agony.
The helpless orc warrior fails to defend itself.
You hit the orc warrior but do no damage.
The helpless orc warrior fails to defend itself.
You sock the orc warrior!
The orc warrior writhes in agony.
You bite the orc warrior.
The helpless orc warrior fails to defend itself.
You hit the orc warrior but do no damage.
The orc warrior writhes in agony.
The helpless orc warrior fails to defend itself.
You hit the orc warrior but do no damage.
You bite the orc warrior, but do no damage.
The helpless orc warrior fails to defend itself.
You hit the orc warrior but do no damage.
The orc warrior writhes in agony.
The helpless orc warrior fails to defend itself.
You hit the orc warrior but do no damage.
The helpless orc warrior fails to defend itself.
You hit the orc warrior but do no damage.
The orc warrior writhes in agony.
The helpless orc warrior fails to defend itself.
You hit the orc warrior but do no damage.
The orc warrior writhes in agony.
The helpless orc warrior fails to defend itself.
You hit the orc warrior.
The helpless orc warrior fails to defend itself.
You hit the orc warrior.
The orc warrior is no longer paralysed.
The orc warrior hits you with a +0 short sword!
* * * LOW HITPOINT WARNING * * *
The orc warrior barely misses you.
You closely miss the orc warrior.
The orc warrior hits you but does no damage.
You barely miss the orc warrior. The orc warrior closely misses you.
You closely miss the orc warrior.
The orc warrior hits you with a +0 short sword!
You die...

.#################...#(#
#.....
..............##.#.#.#.#
######
..........(...##...#.#.#
.....#####.......###.#.#
###### #.......# #.#.#
#.......# #.#.#
#.......# #.#.#
#####.......###...#
#).........@o.....#
#........#######.>#
#).......# ####
##########


You could see an orc warrior.

Vanquished Creatures
  Crazy Yiuf (D:2)
  Robin (D:2)
  2 adders (D:2)
  An ooze (D:1)
  2 worms (D:2)
  3 dart slugs
  A leopard gecko (D:1)
  An orc (D:3)
  2 bat zombies (D:2)
  2 giant cockroaches
  6 hobgoblins
  7 jackals (D:2)
  A ball python (D:1)
  5 bats
  2 frilled lizards (D:1)
  12 goblins
  4 kobolds
  7 rats
  4 rat zombies (D:2)
64 creatures vanquished.

Vanquished Creatures (others)
  A fungus (D:2)
1 creature vanquished.

Grand Total: 65 creatures vanquished

Notes
Turn   | Place    | Note
-------+----------+-------------------------------------------
     0 | D:1      | CryoSword the Gnoll Wanderer began the quest for the Orb.
     0 | D:1      | CryoSword set off with the following items: a +0 spear, a
                  | potion of lignification {!q}, a wand of paralysis (15), a
                  | +0 robe
     0 | D:1      | Reached XP level 1. HP: 26/26 MP: 6/6
   139 | D:1      | Reached XP level 2. HP: 23/33 MP: 7/7
   606 | D:1      | Reached XP level 3. HP: 37/38 MP: 9/9
   727 | D:1      | Reached skill level 5 in Spellcasting
  1160 | D:2      | Reached skill level 1 in Invocations
  1257 | D:2      | Noticed Robin
  1661 | D:1      | Reached skill level 1 in Short Blades
  1661 | D:1      | Reached skill level 1 in Long Blades
  1661 | D:1      | Reached skill level 1 in Axes
  1661 | D:1      | Reached skill level 1 in Maces & Flails
  1661 | D:1      | Reached skill level 1 in Polearms
  1661 | D:1      | Reached skill level 1 in Staves
  1661 | D:1      | Reached skill level 1 in Slings
  1661 | D:1      | Reached skill level 1 in Bows
  1661 | D:1      | Reached skill level 1 in Crossbows
  1661 | D:1      | Reached skill level 1 in Throwing
  1661 | D:1      | Reached skill level 1 in Armour
  1661 | D:1      | Reached skill level 1 in Stealth
  1661 | D:1      | Reached skill level 1 in Unarmed Combat
  1965 | D:2      | Killed Robin
  1966 | D:2      | Reached XP level 4. HP: 43/45 MP: 11/11
  2106 | D:2      | Found a runed translucent door.
  2107 | D:2      | Noticed Crazy Yiuf
  2595 | D:2      | Reached skill level 1 in Conjurations
  2595 | D:2      | Reached skill level 1 in Summonings
  2595 | D:2      | Reached skill level 1 in Necromancy
  2595 | D:2      | Reached skill level 1 in Translocations
  2595 | D:2      | Reached skill level 1 in Transmutations
  2595 | D:2      | Reached skill level 1 in Fire Magic
  2595 | D:2      | Reached skill level 1 in Ice Magic
  2595 | D:2      | Reached skill level 1 in Air Magic
  2595 | D:2      | Reached skill level 1 in Earth Magic
  2595 | D:2      | Reached skill level 1 in Poison Magic
  3018 | D:2      | Found an ancient bone altar of Kikubaaqudgha.
  3115 | D:2      | Killed Crazy Yiuf
  3116 | D:2      | Reached XP level 5. HP: 51/51 MP: 12/12
  3216 | D:3      | Noticed an orc warrior
  3273 | D:2      | Slain by an orc warrior

Illustrated notes

Levels and vault maps discovered:
D:1:      evilmike_arrival_come_back, layout_basic
D:2:      layout_basic, lemuel_zombie_altar_kikubaaqudgha, uniq_robin,
          uniq_crazy_yiuf_cottage
D:3:      layout_basic, nicolae_gozag_cash_rules_everything_around_me, uniq_ijyb

Skill      XL: |  1  2  3  4 |
---------------+-------------+-----
Hexes          | 2 |  2.3
Spellcasting   | 5 |  5.1
Invocations    | 1 |  1.5
Short Blades   | 1 |  1.4
Long Blades    | 1 |  1.4
Axes           | 1 |  1.4
Maces & Flails | 1 |  1.4
Polearms       | 1 |  1.4
Staves         | 1 |  1.4
Slings         | 1 |  1.4
Bows           | 1 |  1.4
Crossbows      | 1 |  1.4
Throwing       | 1 |  1.4
Armour         | 1 |  1.4
Stealth        | 1 |  1.4
Unarmed Combat | 1 |  1.4
Conjurations   | 1 |  1.1
Summonings     | 1 |  1.1
Necromancy     | 1 |  1.1
Translocations | 1 |  1.1
Transmutations | 1 |  1.1
Fire Magic     | 1 |  1.1
Ice Magic      | 1 |  1.1
Air Magic      | 1 |  1.1
Earth Magic    | 1 |  1.1
Poison Magic   | 1 |  1.1
Fighting       | |  8.6
Dodging        | |  2.9
Shields        | |  2.9
Evocations     | |  2.9

Action                   |  1- 3 |  4- 6 || total
-------------------------+-------+-------++-------
Melee: Spear             |   146 |   127 ||   273
       Bite              |    11 |    12 ||    23
       Mace              |       |    23 ||    23
Throw: Dart              |    19 |     6 ||    25
Evoke: Wand              |     2 |     3 ||     5
 Stab: Paralysed         |     4 |    22 ||    26
Armor: Robe              |    28 |    20 ||    48
       Leather armour    |       |    13 ||    13
Dodge: Dodged            |    93 |   108 ||   201

Table legend: (Time is in decaauts)
 A = Elapsed time spent in this place.
 B = Non-inter-level travel time spent in this place.
 C = Inter-level travel time spent in this place.
 D = Time resting spent in this place.
 E = Time spent auto-exploring this place.
 F = Levels seen in this place.
 G = Mean time per level.
                   A        B        C        D        E       F      G
               +--------+--------+--------+--------+--------+-----+--------+
         Total |   3302 |   3121 |    181 |   1170 |   1234 |   3 | 1100.7 |
       Dungeon |   3302 |   3121 |    181 |   1170 |   1234 |   3 | 1100.7 |
               +--------+--------+--------+--------+--------+-----+--------+

Top non-repeatable levels by time:
     D:1: 1830 daAuts
     D:2: 1376 daAuts
     D:3: 95 daAuts
